 Dungeon Crawl Stone Soup version 0.29.1 (webtiles) character file.

Game seed: 1407028945856098970

167520 greasedhog the Warrior (level 17, -1/115 HPs)
             Began as a Gargoyle Monk on Sept 13, 2022.
             Was the Champion of Okawaru.
             Slain by a death yak (31 damage)
             ... summoned by a spriggan berserker
             ... on level 3 of the Swamp.
             The game lasted 00:52:12 (35310 turns).

greasedhog the Warrior (Gargoyle Monk)             Turns: 35310, Time: 00:52:12

Health: -1/115     AC: 42    Str: 28    XL:     17   Next: 63%
Magic:  20/27      EV: 24    Int: 12    God:    Okawaru [******]
Gold:   318        SH: 15    Dex: 20    Spells: 16/16 levels left

rFire   + + +      SeeInvis .   a - +9 demon whip of the Solstice {vamp, rF+ Will+}
rCold   + . .      Faith    .   O - +1 buckler {rF+}
rNeg    + . .      Spirit   .   I - +3 chain mail {rC+}
rPois   ∞          Reflect  +   p - +0 helmet "Tergh" {rCorr Dex+8}
rElec   +          Harm     .   P - +2 cloak {rCorr}
rCorr   +          Rampage  .   D - +0 pair of gloves
Will    ++...                   L - +2 pair of boots "Acosyocs" {rF+}
Stlth   +.........              C - amulet of reflection
HPRegen 0.29/turn               x - +4 ring of evasion
MPRegen 0.20/turn               B - +6 ring of strength

@: heroic, finesse-ful, flying, studying Armour
A: sickness immunity, AC +12, big wings, negative energy resistance 1,
electricity resistance, torment resistance 1, petrification resistance
}: 1/15 runes: decaying
a: Renounce Religion, Heroism, Finesse, Duel


You were on level 3 of the Swamp.
You worshipped Okawaru.
Okawaru was exalted by your worship.
You visited 4 branches of the dungeon, and saw 26 of its levels.
You also visited: Ossuary, Bailey and Ice Cave.

You collected 3809 gold pieces.
You spent 3491 gold pieces at shops.

Inventory:

Hand Weapons
 a - the +9 demon whip of the Solstice (weapon) {vamp, rF+ Will+}
   (You bought it in a shop on level 13 of the Dungeon)

   It occasionally heals its wielder for a portion of the damage dealt when it
   wounds a living foe.
   rF:        It protects you from fire.
   Will:      It increases your willpower.
 b - a +0 morningstar of holy wrath
Missiles
 e - 3 throwing nets
 i - 16 curare-tipped darts (quivered)
Armour
 p - the +0 helmet "Tergh" (worn) {rCorr Dex+8}
   (Okawaru gifted it to you on level 1 of the Swamp)

   Dex:       It affects your dexterity (+8).
   rCorr:     It protects you from acid and corrosion.
 D - a +0 pair of gloves (worn)
 I - a +3 chain mail of cold resistance (worn)
 L - the +2 pair of boots "Acosyocs" (worn) {rF+}
   (Okawaru gifted it to you on level 4 of the Lair of Beasts)

   rF:        It protects you from fire.
 O - a +1 buckler of fire resistance (worn)
 P - a +2 cloak of preservation (worn)
Jewellery
 d - a ring of fire
 x - a +4 ring of evasion (left hand)
 B - a +6 ring of strength (right hand)
 C - an amulet of reflection (around neck)
 E - a ring of willpower
 R - an amulet of regeneration
 T - a ring of positive energy
 X - the amulet of the Four Winds {rN+ Will+++ Clar}
   (You found it on level 4 of the Swamp)

   [amulet of nothing]

   rN:        It protects you from negative energy.
   Clar:      It protects you against confusion.
   Will:      It greatly increases your willpower.
Wands
 y - a wand of digging (19)
 z - a wand of flame (64)
 F - a wand of iceblast (43)
 G - a wand of light (14)
 S - a wand of paralysis (21)
 U - a wand of mindburst (8)
Scrolls
 h - 10 scrolls of enchant weapon
 j - a scroll of torment
 l - 13 scrolls of teleportation
 n - 3 scrolls of fog
 o - a scroll of fear
 s - 7 scrolls of immolation
 t - 19 scrolls of identify
 u - 9 scrolls of amnesia
 w - 3 scrolls of brand weapon
 A - 2 scrolls of blinking
 H - 3 scrolls of poison
 J - 4 scrolls of silence
 K - 9 scrolls of magic mapping
 N - 3 scrolls of enchant armour
Potions
 c - 4 potions of ambrosia
 f - 10 potions of mutation
 g - 5 potions of berserk rage
 k - 7 potions of attraction
 m - 14 potions of curing
 q - 6 potions of lignification
 r - 4 potions of might
 v - 3 potions of resistance
 M - 3 potions of haste
 Q - 2 potions of cancellation
 W - 3 potions of brilliance
 Y - a potion of invisibility
Miscellaneous
 V - a condenser vane


   Skills:
 - Level 16.0(21.0) Fighting
 - Level 12.0(17.0) Maces & Flails
 - Level 15.4(20.4) Armour
 * Level 11.8(16.8) Dodging
 - Level 2.1(7.1) Stealth
 * Level 11.6(16.6) Shields
 - Level 13.5 Invocations
 - Level 10.4 Evocations


You had 16 spell levels left.
You didn't know any spells.
Your spell library contained the following spells:

 Spells                   Type           Power      Damage    Failure   Level
 Shock                    Conj/Air       0%         1d3       71%         1
 Blink                    Tloc           0%         N/A       83%         2
 Poisonous Vapours        Pois/Air       0%         N/A       83%         2
 Static Discharge         Conj/Air       0%         3-3/arc   83%         2
 Conjure Flame            Conj/Fire      0%         6-21      97%         3
 Dazzling Flash           Conj/Hex       0%         N/A       97%         3
 Frozen Ramparts          Ice            0%         1d1       97%         3
 Ignite Poison            Fire/Tmut/Pois 0%         N/A       97%         3
 Inner Flame              Hex/Fire       0%         N/A       97%         3
 Lesser Beckoning         Tloc           0%         N/A       97%         3
 Swiftness                Air            0%         N/A       97%         3
 Airstrike                Air            0%         2d(0-16)  100%        4
 Anguish                  Hex/Necr       0%         N/A       100%        4
 Cause Fear               Hex            0%         N/A       100%        4
 Corpse Rot               Necr/Pois/Air  0%         N/A       100%        4
 Fulminant Prism          Conj/Hex       0%         3d6       100%        4
 Hailstorm                Conj/Ice       0%         3d3       100%        4
 Ice Form                 Ice/Tmut       0%         N/A       100%        4
 Petrify                  Tmut/Erth      0%         N/A       100%        4
 Sticky Flame             Conj/Fire      0%         2d3       100%        4
 Alistair's Intoxication  Tmut/Pois      0%         N/A       100%        5
 Freezing Cloud           Conj/Ice/Air   0%         6-21      100%        5
 Manifold Assault         Tloc           0%         N/A       100%        5
 Metabolic Englaciation   Hex/Ice        0%         N/A       100%        5
 Eringya's Noxious Bog    Tmut/Pois      0%         N/A       100%        6
 Enfeeble                 Hex            0%         N/A       100%        7
 Discord                  Hex            0%         N/A       100%        8
 Lehudib's Crystal Spear  Conj/Erth      0%         10d2      100%        8
 Polar Vortex             Ice            0%         N/A       100%        9
 Summon Ice Beast         Ice/Summ       Unusable   N/A       N/A         4
 Summon Forest            Summ/Tloc      Unusable   N/A       N/A         5
 Simulacrum               Ice/Necr       Unusable   N/A       N/A         6
 Statue Form              Tmut/Erth      Unusable   N/A       N/A         6
 Summon Hydra             Summ           Unusable   N/A       N/A         7

Dungeon Overview and Level Annotations

Branches:
Dungeon (15/15)            Temple (0/1) D:6            Lair (5/5) D:11
  Swamp (4/4) Lair:2       Spider (0/4) Lair:3        Slime (0/5) Lair:4
    Orc (2/2) D:11            Elf (0/3) Orc:2        Vaults (0/5) D:14
 Depths (0/4) D:15        Ossuary (visited)          Bailey (visited)
  IceCv (visited)

Altars:
Ashenzari
Cheibriados
Kikubaaqudgha
Okawaru
Ru
Trog
Uskayaw
Wu Jian
Xom
Yredelemnul
The Shining One
Jiyva

Shops:
D:6 [   D:9 ?   D:13 *   D:14 (   Orc:1 (?([   Orc:2 *(=[

Annotations:
Swamp:3 2 transporters, Zenkrye's ghost, adept HOFi
Orc:1 3 runed translucent doors, smilodon's ghost, journeyman DsFi


Innate Abilities, Weirdness & Mutations

You are immune to sickness and miasma.
Your stone body is resilient. (AC +12)
You are immune to poison.
Your large and strong wings let you fly.
You resist negative energy. (rN+)
You are resistant to electric shocks. (rElec)
You are resistant to unholy torment.
You are immune to petrification.


Message History

The spriggan berserker misses you.
You whack the spriggan berserker!
The spriggan berserker is lightly wounded.
The death yak gores you!!
You miss the spriggan berserker.
The spriggan berserker is lightly wounded.
You block the spriggan berserker's attack.
You block the death yak's attack.
You miss the spriggan berserker.
The spriggan berserker is lightly wounded.
The spriggan berserker hits you with a +0 quarterstaff!!
The death yak completely misses you.
You are too injured to fight recklessly!
You are too injured to fight recklessly!
You are too injured to fight recklessly!
You are too injured to fight recklessly!
You are too injured to fight recklessly!
You are too injured to fight recklessly!
You are too injured to fight recklessly!
You are too injured to fight recklessly!
You are too injured to fight recklessly!
You are too injured to fight recklessly!
You are too injured to fight recklessly!
You are too injured to fight recklessly!
You are too injured to fight recklessly!
You are too injured to fight recklessly!
You are too injured to fight recklessly!
You are too injured to fight recklessly!
You are too injured to fight recklessly!
You are too injured to fight recklessly!
You are too injured to fight recklessly!
Unknown command.
You gain the combat prowess of a mighty hero.
You block the spriggan berserker's attack.
The death yak misses you.
The spriggan berserker hits you with a +0 quarterstaff!!
* * * LOW HITPOINT WARNING * * *
You can now deal lightning-fast blows.
The death yak gores you!!
You die...

♣♣♣♣♣♣♣♣♣
♣♣♣..i....♣
♣...@Y.#.##
♣♣♣♣ ♣♣
♣♣~.♣####
..###..♣
♣♣~
♣...##~.#
.#.~#~♣ ♣.~
♣...#.>.#
#.>.#♣ ♣~.
♣~.♣#).##
##~.# ♣..
♣~.#))##
##~## ♣~.
♣..~.)♣
#...# ♣..
♣.....♣
#.)♣#♣♣..
♣♣♣.♣.♣
#♣♣).♣♣..


You could see a death yak (summoned, berserk) and a spriggan berserker (berserk,
regenerating, strong-willed).

Vanquished Creatures
  Rupert (D:15)
  Jorgrun (D:15)
  A tentacled monstrosity (Swamp:4)
  3 thorn hunters
  A fire giant (D:15)
  2 fenstrider witches (Swamp:4)
  5 ghouls
  3 eleionomae
  A stone giant (Orc:2)
  2 bunyips
  3 ettins
  Snorg (Lair:4)
  A fire dragon (Lair:5)
  16 hydras
  Erolcha (Orc:2)
  Harold (D:11)
  A rakshasa (D:13)
  2 two-headed ogres
  4 boulder beetles
  2 catoblepae
  15 alligators
  2 centaur warriors (D:13)
  A spriggan air mage (Swamp:4)
  2 dancing weapons (D:14)
  2 tengu warriors (D:14)
  6 death yaks (Lair:1)
  2 orc high priests
  2 spriggan berserkers
  Urug (D:11)
  A deep elf knight (D:11)
  The ghost of Esekla the Slasher, a novice MeAK of Lugonu (D:6)
  5 goliath frogs
  Lodul (D:11)
  15 slime creatures
  6 skeletal warriors
  5 spriggan druids
  7 bog bodies
  A wizard (D:11)
  4 lindwurms
  4 orc knights
  An orange crystal statue (D:9)
  12 swamp dragons
  A deep elf pyromancer (D:14)
  An orc sorcerer (Orc:2)
  An oklob plant (Lair:1)
  4 manticores
  2 will-o-the-wisps (Swamp:3)
  16 ugly things
  14 cyclopes
  An ice statue (IceCv)
  5 elephants
  10 black mambas
  2 molten gargoyles (Lair:5)
  A torpor snail (D:11)
  15 cane toads
  Psyche (D:8)
  A gargoyle (D:12)
  2 kobold demonologists
  13 komodo dragons
  4 rime drakes
  2 unseen horror skeletons (D:6)
  An unseen horror zombie (D:6)
  An ice devil (IceCv)
  2 tengu conjurers (D:15)
  8 trolls
  Prince Ribbit (D:8)
  9 tyrant leeches
  A polar bear (Lair:5)
  7 hornets
  4 blink frogs (Lair:5)
  2 shadows
  16 spriggans
  3 wraiths
  A water elemental (D:13)
  2 dire elephant simulacra (IceCv)
  11 wyverns
  59 yaks
  8 basilisks
  7 vampire mosquitoes
  A steam dragon (Lair:5)
  A yak (shapeshifter) (D:13)
  4 death yak simulacra (IceCv)
  14 swamp worms
  5 wargs (Orc:1)
  2 harpy simulacra (IceCv)
  18 water moccasins
  3 hell hounds (Lair:5)
  A hydra simulacrum (IceCv)
  6 swamp drakes
  27 orc warriors
  2 sky beasts (D:7)
  A meliai simulacrum (D:14)
  A black bear (shapeshifter) (D:13)
  2 black bears
  A wolf (Lair:1)
  10 centaurs
  15 ogres
  11 kobold brigands
  A gnoll sergeant (D:12)
  7 bullfrogs
  4 necrophages
  2 cane toad simulacra (IceCv)
  4 two-headed ogre simulacra (IceCv)
  A water moccasin zombie (Ossuary)
  3 wights (D:6)
  11 killer bees
  2 elephant simulacra (IceCv)
  A vampire bat (D:12)
  20 electric eels
  5 lava snakes (Lair:5)
  3 hounds
  14 orc priests
  4 jellies
  A gnoll bouda (D:7)
  Jessica (D:2)
  Terence (D:3)
  8 iguanas
  23 orc wizards
  6 hell rats (Lair:5)
  8 spriggan simulacra (IceCv)
  2 wolf simulacra (IceCv)
  A polar bear simulacrum (IceCv)
  7 troll simulacra (IceCv)
  2 mummies (Ossuary)
  8 gnolls
  6 adders
  6 naga simulacra (IceCv)
  A shadow imp (D:5)
  22 white imps
  2 howler monkey simulacra (D:6)
  3 ufetubi
  2 adder zombies (Ossuary)
  A worm (D:2)
  5 dart slugs
  80 orcs
  9 ball pythons
  15 bats
  8 endoplasms
  6 giant cockroaches
  10 goblins
  8 hobgoblins
  7 jackals
  31 kobolds
  3 quokkas
  10 frilled lizards
  4 gnoll zombies (Ossuary)
  2 hobgoblin zombies (Ossuary)
  9 kobold zombies (Ossuary)
  3 orc zombies (Ossuary)
  6 rats
  A briar patch (Swamp:4)
922 creatures vanquished.

Vanquished Creatures (others)
  An alligator (Swamp:3)
  A spriggan druid (Swamp:4)
  An ugly thing (D:14)
  A swamp worm (Swamp:4)
  A hell hound (Lair:5)
  An orc wizard (Orc:2)
  An ufetubus (D:6)
  A briar patch (Swamp:4)
  6 foxfires (Swamp:3)
  38 fungi
  45 plants
97 creatures vanquished.

Grand Total: 1019 creatures vanquished

Notes
Turn   | Place    | Note
-------+----------+-------------------------------------------
     0 | D:1      | greasedhog the Gargoyle Monk began the quest for the Orb.
     0 | D:1      | Reached XP level 1. HP: 14/14 MP: 1/1
   250 | D:1      | Reached XP level 2. HP: 19/19 MP: 2/2
   644 | D:1      | Reached XP level 3. HP: 19/24 MP: 3/3
   650 | D:1      | Reached skill level 4 in Fighting
  1373 | D:2      | Found a faded altar of an unknown god.
  1487 | D:2      | Noticed Jessica
  1496 | D:2      | Killed Jessica
  1497 | D:2      | Reached XP level 4. HP: 19/30 MP: 4/4
  2224 | D:3      | Noticed Terence
  2232 | D:3      | Killed Terence
  2275 | D:3      | You fall into a shaft and drop 3 floors!
  2295 | D:5      | Entered Level 5 of the Dungeon
  2295 | D:5      | Noticed an ogre
  2340 | D:4      | Reached XP level 5. HP: 29/34 MP: 5/5
  2345 | D:4      | Reached skill level 5 in Fighting
  2454 | D:4      | Noticed an ogre
  2464 | D:4      | Found a sand-covered staircase.
  2471 | Ossuary  | Entered an ossuary
  2719 | Ossuary  | Reached skill level 1 in Armour
  2810 | Ossuary  | Reached skill level 5 in Maces & Flails
  2889 | Ossuary  | Reached XP level 6. HP: 39/40 MP: 6/6
  3631 | D:3      | Reached XP level 7. HP: 44/44 MP: 7/7
  5333 | D:5      | Found a broken altar of Ashenzari.
  5334 | D:5      | Found an ornate altar of the Wu Jian Council.
  5336 | D:5      | Found a shimmering altar of Xom.
  5336 | D:5      | Found an iron altar of Okawaru.
  5371 | D:5      | Became a worshipper of Warmaster Okawaru
  5371 | D:5      | Reached * piety under Okawaru
  5371 | D:5      | Reached ** piety under Okawaru
  5503 | D:6      | Reached skill level 5 in Armour
  5652 | D:6      | Reached skill level 1 in Invocations
  5652 | D:6      | Reached XP level 8. HP: 41/49 MP: 8/8
  5853 | D:6      | Noticed a troll
  5875 | D:6      | Killed a troll
  6104 | D:6      | Found a runed translucent gate.
  6104 | D:6      | Found a runed translucent gate.
  6104 | D:6      | Found a runed translucent gate.
  6104 | D:6      | Noticed Esekla's ghost (novice MeAK)
  6173 | D:6      | Found Matugh's Antique Armour Boutique.
  6266 | D:6      | Found a staircase to the Ecumenical Temple.
  6733 | D:6      | Killed Esekla's ghost
  6733 | D:6      | Reached *** piety under Okawaru
  6733 | D:6      | Reached **** piety under Okawaru
  6734 | D:6      | Reached XP level 9. HP: 29/54 MP: 10/13
  7130 | D:7      | Noticed a cyan ugly thing
  7160 | D:7      | Killed a cyan ugly thing
  7160 | D:7      | Reached ***** piety under Okawaru
  7161 | D:7      | Reached skill level 10 in Maces & Flails
  7161 | D:7      | Reached XP level 10. HP: 24/59 MP: 8/15
  7493 | D:7      | Found a sacrificial altar of Ru.
  7580 | D:8      | Found a flagged portal.
  7584 | D:8      | Identified the +3 leather armour "Enwitt" {rF+}
  7587 | D:8      | Found a hide-covered altar of Uskayaw.
  7603 | Bailey   | Entered a bailey
  8166 | Bailey   | Found the +7 great mace "Undeadhunter" {disrupt, rN+}
  8167 | Bailey   | Found a bloodstained altar of Trog.
  8225 | D:8      | Noticed Prince Ribbit
  8230 | D:8      | Noticed Psyche
  8234 | D:8      | Killed Prince Ribbit
  8235 | D:8      | Reached skill level 5 in Dodging
  8257 | D:8      | Killed Psyche
  8577 | D:7      | Received a gift from Okawaru
  8578 | D:7      | Reached skill level 1 in Evocations
  9351 | D:8      | Found a basalt altar of Yredelemnul.
 10122 | D:8      | Reached XP level 11. HP: 36/63 MP: 9/16
 10581 | D:9      | Found Sodoj's Magic Scroll Boutique.
 10589 | D:9      | Bought a scroll of poison for 44 gold pieces
 10589 | D:9      | Bought a scroll of identify for 22 gold pieces
 10589 | D:9      | Bought a scroll of teleportation for 33 gold pieces
 10589 | D:9      | Bought a scroll of identify for 22 gold pieces
 10589 | D:9      | Bought a scroll of noise for 11 gold pieces
 10589 | D:9      | Bought a scroll of silence for 104 gold pieces
 10589 | D:9      | Bought a scroll of identify for 22 gold pieces
 10589 | D:9      | Bought a scroll of identify for 22 gold pieces
 11024 | D:9      | Noticed an orange crystal statue
 11245 | D:9      | Reached skill level 6 in Fighting
 11465 | D:9      | Found a snail-covered altar of Cheibriados.
 11465 | D:9      | Found an ancient bone altar of Kikubaaqudgha.
 11561 | D:10     | Entered Level 10 of the Dungeon
 11810 | D:10     | Reached skill level 5 in Evocations
 12033 | D:10     | Identified the +9 mace "Diugriz" {freeze, Drain rPois rC+
                  | Dex+4}
 12291 | D:10     | Found a glowing golden altar of the Shining One.
 12623 | D:10     | Reached skill level 7 in Fighting
 12872 | D:11     | Found a frozen archway.
 12891 | D:11     | Identified the +1 scale mail of Kuompugh {Str+4}
 12903 | IceCv    | Entered an ice cave
 13270 | IceCv    | Found the +4 skin of Zhor {*Englaciate rC+++ SInv}
 13594 | IceCv    | Got the Directory of Objectivity
 14021 | IceCv    | Identified the +2 ring mail "Umapp" {Str-3 Int+8 Dex+7}
                  | (Okawaru gifted it to you in an ice cave)
 14021 | IceCv    | Received a gift from Okawaru
 14104 | IceCv    | Reached skill level 8 in Fighting
 14759 | IceCv    | Noticed a bog body
 14759 | IceCv    | Noticed a bog body
 14774 | IceCv    | Killed a bog body
 14803 | IceCv    | Killed a bog body
 14804 | IceCv    | Reached skill level 9 in Fighting
 14873 | IceCv    | Reached XP level 12. HP: 68/76 MP: 17/17
 15420 | D:11     | Noticed Lodul
 15444 | D:11     | Killed Lodul
 15591 | D:11     | Noticed a deep elf knight
 15604 | D:11     | Noticed Urug
 15612 | D:11     | Killed a deep elf knight
 15613 | D:11     | Reached skill level 10 in Fighting
 15625 | D:11     | Killed Urug
 15637 | D:11     | Noticed Harold
 15988 | D:11     | Killed Harold
 16075 | D:11     | Noticed a two-headed ogre
 16099 | D:11     | Killed a two-headed ogre
 16317 | D:11     | Found a staircase to the Orcish Mines.
 16326 | D:11     | Found a staircase to the Lair.
 16547 | Orc:1    | Entered Level 1 of the Orcish Mines
 16562 | Orc:1    | Found Lanof's Weapon Boutique.
 16564 | Orc:1    | Noticed smilodon's ghost (journeyman DsFi)
 16581 | Orc:1    | Found a runed translucent gate.
 16582 | Orc:1    | Found a runed translucent gate.
 16583 | Orc:1    | Found a runed translucent gate.
 16646 | Orc:1    | Noticed an orc high priest
 16680 | Orc:1    | Killed an orc high priest
 16686 | Orc:1    | Reached skill level 10 in Armour
 17014 | Orc:1    | Found Caesead's Magic Scroll Shop.
 17022 | Orc:1    | Bought a scroll of teleportation for 48 gold pieces
 17022 | Orc:1    | Bought a scroll of magic mapping for 120 gold pieces
 17022 | Orc:1    | Bought a scroll of teleportation for 48 gold pieces
 17022 | Orc:1    | Bought a scroll of enchant armour for 120 gold pieces
 17022 | Orc:1    | Bought a scroll of teleportation for 48 gold pieces
 17022 | Orc:1    | Bought a scroll of fog for 64 gold pieces
 17042 | Orc:1    | Found Fijirch Mustry's Weapon Shop.
 17073 | Orc:1    | Found Gud Wokh's Armour Shop.
 17082 | Orc:1    | Reached XP level 13. HP: 82/82 MP: 18/18
 17092 | Orc:1    | Bought a +0 cloak for 76 gold pieces
 17200 | Orc:1    | Reached skill level 10 in Evocations
 17607 | Orc:2    | Entered Level 2 of the Orcish Mines
 17607 | Orc:2    | Noticed an ettin
 17607 | Orc:2    | Found Runoofeh's General Store.
 17629 | Orc:1    | Killed an ettin
 18231 | Orc:2    | Reached skill level 1 in Shields
 18231 | Orc:2    | Noticed a stone giant
 18249 | Orc:2    | Killed a stone giant
 18830 | Orc:2    | Found a staircase to the Elven Halls.
 18845 | Orc:2    | Noticed an ettin
 18853 | Orc:2    | Killed an ettin
 18863 | Orc:2    | Noticed an ettin
 19249 | Orc:2    | Paralysed by an orc sorcerer for 4 turns
 19442 | Orc:2    | Killed an ettin
 19503 | Orc:2    | Found Tadestat's Jewellery Emporium.
 19544 | Orc:2    | Bought a scroll of fog for 52 gold pieces
 19544 | Orc:2    | Bought a +6 ring of strength for 468 gold pieces
 19550 | Orc:2    | Found Ricwes's Antique Weapon Shoppe.
 19597 | Orc:2    | Noticed Erolcha
 19606 | Orc:2    | Killed Erolcha
 19607 | Orc:2    | Reached skill level 5 in Shields
 19715 | Orc:2    | Bought a ring of willpower for 350 gold pieces
 19732 | Orc:2    | Found Hukhabb's Antique Armour Emporium.
 19740 | Orc:2    | Bought a runed cloak for 217 gold pieces
 20148 | Lair:1   | Entered Level 1 of the Lair of Beasts
 20920 | Lair:1   | Identified the +1 robe of Herph {-Cast rElec Str+2}
 20998 | Lair:1   | Received a gift from Okawaru
 20999 | Lair:1   | Gained mutation: Your large and strong wings let you fly.
                  | [Gargoyle growth]
 20999 | Lair:1   | Reached XP level 14. HP: 56/88 MP: 14/19
 21955 | Lair:2   | Found a staircase to the Swamp.
 22341 | Lair:3   | Found a bloodstained altar of Trog.
 22603 | Lair:3   | Found a hole to the Spider Nest.
 22754 | Lair:3   | Reached ****** piety under Okawaru
 22985 | Lair:4   | Identified the +2 pair of boots "Acosyocs" {rF+} (Okawaru
                  | gifted it to you on level 4 of the Lair of Beasts)
 22985 | Lair:4   | Received a gift from Okawaru
 23037 | Lair:4   | Found a viscous altar of Jiyva.
 23038 | Lair:4   | Found a staircase to the Slime Pits.
 23105 | Lair:4   | Noticed Snorg
 23120 | Lair:4   | Killed Snorg
 23121 | Lair:4   | Reached skill level 10 in Dodging
 23254 | Lair:4   | Reached skill level 10 in Shields
 23992 | Lair:5   | Entered Level 5 of the Lair of Beasts
 24200 | Lair:5   | Reached skill level 11 in Fighting
 24533 | Lair:5   | Reached XP level 15. HP: 95/95 MP: 22/22
 24587 | Lair:5   | Found a large runed translucent door.
 24587 | Lair:5   | Found a large runed translucent door.
 24766 | Lair:5   | Reached skill level 10 in Invocations
 25010 | Lair:5   | Reached skill level 12 in Fighting
 26354 | D:12     | Identified the +3 scale mail of Buleuc {rElec rF+ MP+9}
                  | (Okawaru gifted it to you on level 12 of the Dungeon)
 26354 | D:12     | Received a gift from Okawaru
 27328 | D:13     | Reached skill level 13 in Fighting
 28172 | D:13     | Found Vuemogytzu's General Store.
 28876 | D:9      | Got Vuiwunna's Handbook of the Snake and the Winter
 29467 | D:14     | Found Lapsat's Weapon Shop.
 29581 | D:14     | Reached skill level 14 in Fighting
 29671 | D:14     | Reached XP level 16. HP: 41/106 MP: 18/25
 29920 | D:14     | Found a gate to the Vaults.
 30112 | D:14     | Identified the +7 eveningstar "Spider's Nightmare" {flame,
                  | Will+ Int-5 Dex+4} (Okawaru gifted it to you on level 14 of
                  | the Dungeon)
 30112 | D:14     | Received a gift from Okawaru
 30288 | D:15     | Entered Level 15 of the Dungeon
 30787 | D:15     | Found a staircase to the Depths.
 30788 | D:15     | Noticed Rupert
 30813 | D:15     | Killed Rupert
 31025 | D:15     | Noticed Jorgrun
 31042 | D:15     | Killed Jorgrun
 31512 | Swamp:1  | Entered Level 1 of the Swamp
 31850 | Swamp:1  | Reached skill level 15 in Fighting
 31869 | Swamp:1  | Identified the +0 helmet "Tergh" {rCorr Dex+8} (Okawaru
                  | gifted it to you on level 1 of the Swamp)
 31869 | Swamp:1  | Received a gift from Okawaru
 32544 | Swamp:2  | Identified the +2 great mace of the Lachrymose God {holy,
                  | rElec Str+4 Dex-5 Stlth+}
 32995 | D:13     | Bought the +9 demon whip of the Solstice {vamp, rF+ Will+}
                  | for 1600 gold pieces
 33486 | Swamp:3  | Found a transporter.
 33782 | Swamp:3  | Noticed a thorn hunter
 33797 | Swamp:3  | Killed a thorn hunter
 33861 | Swamp:3  | Reached skill level 16 in Fighting
 34296 | Swamp:3  | Noticed Zenkrye's ghost (adept HOFi)
 34323 | Swamp:3  | Found a transporter.
 34364 | Swamp:4  | Entered Level 4 of the Swamp
 34364 | Swamp:4  | Noticed a fenstrider witch
 34364 | Swamp:4  | Noticed a tentacled monstrosity
 34369 | Swamp:4  | Paralysed by a fenstrider witch for 4 turns
 34402 | Swamp:4  | Killed a fenstrider witch
 34402 | Swamp:4  | Received a gift from Okawaru
 34435 | Swamp:4  | Killed a tentacled monstrosity
 34436 | Swamp:4  | Reached XP level 17. HP: 107/115 MP: 25/27
 34538 | Swamp:4  | Reached skill level 15 in Armour
 34712 | Swamp:4  | Got a decaying rune of Zot
 34908 | Swamp:4  | Found the amulet of the Four Winds {rN+ Will+++ Clar}
 34995 | Swamp:4  | Received a gift from Okawaru
 35310 | Swamp:3  | Slain by a death yak

Illustrated notes

Levels and vault maps discovered:
D:1:      minmay_arrival_arboretum_small, layout_basic
D:2:      layout_basic, hellmonk_ecumenical_altar_slurped_away, uniq_jessica
D:3:      layout_rooms, minmay_misc_feat_five, uniq_terence
D:4:      layout_basic, chequers_ossuary_entry_cave, minmay_lizard_king
D:5:      layout_basic, mainiacjoe_overflow_alcove_3
D:6:      layout_loops_ring, minmay_temple_entry_statues_fountains,
          gammafunk_ghost_necromancy, serial_shops, shop, chequers_garden,
          hex_tiny, minmay_manual_monolith
D:7:      layout_basic, lemuel_round_altar
D:8:      layout_loops_ring, mainiacjoe_overflow_concentric_impassable,
          mainiacjoe_overflow_paths, serial_co_window_serial,
          co_window_of_opportunity_a, co_window_paths_a, co_window_corner_a,
          co_window_paths_b, co_window_paths_a, co_window_paths_c,
          co_window_of_opportunity_b, co_window_cross_2, co_window_broadway_a,
          co_window_corner_b, co_window_paths_c, co_window_broadway_b,
          co_window_paths_d, glass_columns_a, glass_columns_a, glass_columns_b,
          enter_bailey_5, uniq_psyche, uniq_prince_ribbit1
D:9:      layout_long_grid, gammafunk_temple_overflow_elements, serial_shops,
          shop, minivault_15
D:10:     layout_basic, tso_oasis_becter
D:11:     layout_basic, david_lair_generic, portal_ice_cave_entry_imps,
          sword_in_stone, uniq_lodul
D:12:     layout_rooms, nicolae_hexahallways, roderic_batcave,
          hangedman_decor_peaks_small
D:13:     layout_basic, serial_shops, nicolae_stop_n_shop_2
D:14:     layout_loops_ring, erik_vaults_1, serial_shops, nicolae_diamond_shop,
          minivault_10, water_maze_lemuel
D:15:     grunt_enter_depths_giant_problem, layout_irregular_city,
          nicolae_figureground_pulse, uniq_jorgrun, uniq_rupert
Lair:1:   layout_regular_city, amcnicky_mini_pool_medium, serial_bayou_shore_b,
          infiniplex_staircase_pool
Lair:2:   layout_hall_layers, minmay_swamp_entry_eels
Lair:3:   layout_hall_layers, spider_nest_entry_web_field, basic_altar,
          grunt_megastairs_3
Lair:4:   layout_big_grid, minmay_slime_entry_oklob_enclosed, lemuel_fruit_tree,
          serial_bayou_shore_a, grunt_megastairs_4, uniq_snorg
Lair:5:   cheibrodos_lair_end_hotspot, layout_small_grid, serial_forest,
          infiniplex_forest_lined_1, infiniplex_forest_straight_1,
          infiniplex_forest_lined_3_way, infiniplex_forest_clump_cross
Swamp:1:  layout_basic_swamp, nicolae_swamp_ascending_descending
Swamp:2:  layout_falls_marsh, evilmike_swamp_ruin_house_5
Swamp:3:  nicolae_swamp_secret_spriggan_hideout, layout_basic_swamp,
          gammafunk_ghost_mausoleum, evilmike_swamp_ruin_house_2
Swamp:4:  swamp_alternative, layout_basic_swamp
Orc:1:    layout_diamond_mine, gammafunk_ghost_split, serial_shops,
          nicolae_shop_bloodbath_and_beyond, nicolae_shop_crystal, shop, shop,
          minmay_orc_temple_b
Orc:2:    grunt_orc_gardens, layout_caves, grunt_orc_garden, grunt_orc_garden,
          grunt_orc_garden, grunt_orc_garden, uniq_erolcha

Skill      XL: |  1  2  3  4  5  6  7  8  9 10 11 12 13 14 15 16 17 |
---------------+----------------------------------------------------+-----
Fighting       | 4 5 9 10 11 14 16 | 16.0
Maces & Flails | 4 5 6 8 10 12 | 12.0
Armour         | 1 3 5 10 14 15 | 15.4
Invocations    | 1 6 7 9 12 13 | 13.5
Dodging        | 3 5 8 10 11 | 11.8
Evocations     | 3 7 9 10 | 10.4
Shields        | 7 10 11 | 11.6
Stealth        | |  2.1

Action                   |  1- 3 |  4- 6 |  7- 9 | 10-12 | 13-15 | 16-18 || total
-------------------------+-------+-------+-------+-------+-------+-------++-------
Melee: Mace              |    95 |       |     8 |   577 |  1658 |   272 ||  2610
       Punch             |     1 |     6 |     3 |    14 |       |       ||    24
       Dagger            |       |   213 |   227 |       |       |       ||   440
       Flail             |       |       |    65 |    94 |       |       ||   159
       Dire flail        |       |       |       |   385 |       |       ||   385
       Great mace        |       |       |       |    24 |       |       ||    24
       Demon whip        |       |       |       |       |       |   641 ||   641
Throw: Dart              |       |       |       |     7 |       |       ||     7
       Throwing net      |       |       |       |     1 |       |       ||     1
Invok: Heroism           |       |       |     4 |    17 |    12 |     8 ||    41
       Finesse           |       |       |     1 |    12 |    10 |     5 ||    28
Evoke: Wand              |       |       |       |     6 |     3 |     1 ||    10
  Use: Scroll            |     2 |     6 |     2 |     9 |     8 |     3 ||    30
       Potion            |       |     1 |     4 |     6 |       |     1 ||    12
 Stab: Sleeping          |     6 |     1 |       |     1 |       |       ||     8
       Held in net/web   |       |       |       |     2 |       |       ||     2
       Invisible         |       |       |       |     1 |     1 |       ||     2
       Petrified         |       |       |       |       |     3 |       ||     3
       Paralysed         |       |       |       |       |       |     6 ||     6
       Confused          |       |       |       |       |       |     2 ||     2
Armor: Robe              |    36 |     1 |       |       |       |       ||    37
       Ring mail         |       |    86 |       |       |       |       ||    86
       Scale mail        |       |     7 |    48 |       |       |       ||    55
       Plate armour      |       |       |   196 |    95 |       |       ||   291
       Chain mail        |       |       |       |   235 |   525 |   372 ||  1132
       Animal skin       |       |       |       |    90 |    19 |       ||   109
Dodge: Dodged            |    57 |   116 |   115 |   376 |   772 |   479 ||  1915
Block: Other             |       |       |    15 |   136 |       |       ||   151
       Reflection        |       |       |     1 |    12 |    24 |    11 ||    48
       Buckler           |       |       |       |    77 |   904 |   502 ||  1483
